Map: Romanticide LE

Players

TYTY (TY) - Winner!

  • Race: Terran Terran
  • Spawn Location: 5:00

ShoWTimE

  • Race: Protoss Protoss
  • Spawn Location: 11:00

Event: IEM Katowice 2021

VOD

Have the link to the VOD?

Description

Time

  • Played on: Feb. 22, 2021, 11:23 a.m.
  • Length: 6:54

All games in this series

Show
View Real Time Build Order
Export as new Build Order

TYTY Terran - Winner!

Build Orders:  

Get SALT Encoding   

  12  0:00  SCV  
  13  0:12  SCV  
  14  0:16  Supply Depot  
  14  0:25  SCV  
  15  0:38  SCV  
  15  0:39  Barracks  
  16  0:43  Refinery  
  16  0:50  SCV  
  17  1:02  SCV  
  18  1:14  SCV  
  19  1:26  Marine  
  19  1:27  Orbital Command  
  20  1:42  Command Center  
  20  1:44  Barracks Reactor  
  21  1:54  SCV  
  21  1:55  Supply Depot  
  21  2:03  Factory  
  21  2:08  SCV  
  22  2:20  SCV, Marine x2  
  25  2:22  Refinery  
  25  2:32  SCV  
  26  2:38  Marine x2  
  28  2:44  SCV  
  28  2:47  Starport  
  28  2:49  Widow Mine  
  31  2:56  SCV, Marine x2  
  34  3:02  Orbital Command  
  34  3:08  SCV  
  34  3:11  Widow Mine  
  37  3:14  Marine  
  37  3:19  Marine  
  37  3:21  SCV  
  37  3:26  Viking  
  41  3:28  SCV  
  41  3:34  Supply Depot  
  42  3:35  SCV  
  42  3:38  Factory Tech Lab  
  42  3:40  SCV  
  42  3:41  Marine  
  45  3:43  Marine  
  46  3:55  SCV x2, Supply Depot  
  48  3:58  Siege Tank  
  48  4:00  Marine  
  53  4:06  Medivac  
  54  4:17  SCV x2, Marine  
  54  4:18  Supply Depot, Marine  
  58  4:29  SCV  
  59  4:31  Command Center  
  59  4:35  Siege Tank  
  62  4:38  Starport Tech Lab  
  62  4:40  SCV  
  62  4:41  Marine x2  
  62  4:42  SCV  
  66  4:52  SCV  
  67  4:54  SCV, Supply Depot  
  68  5:04  SCV  
  68  5:05  Barracks, Marine  
  70  5:09  Barracks  
  70  5:14  Bunker  
  70  5:15  Raven, SCV  
  70  5:20  SCV  
  70  5:21  Marine  
  75  5:23  Marine  
  75  5:27  SCV  
  75  5:32  SCV  
  76  5:37  Barracks  
  76  5:38  Marine  
  76  5:40  SCV, Marine  
  78  5:48  Siege Tank  
  80  5:50  SCV  
  80  5:54  Orbital Command  
  80  5:56  Marine  
  80  5:58  Marine  
  80  6:00  Refinery  
  80  6:01  SCV, Refinery  
  80  6:07  Barracks Tech Lab  
  80  6:09  SCV  
  81  6:13  SCV, Starport Reactor, Marine  
  83  6:19  Engineering Bay x2  
  83  6:20  SCV  
  83  6:21  SCV  
  83  6:25  SCV, Marine x4  
  89  6:31  Marine  
  90  6:33  SCV  
  91  6:41  SCV  
  91  6:47  Supply Depot x2  
  93  6:48  Supply Depot  
Show
View Real Time Build Order
Export as new Build Order

ShoWTimE Protoss 

Build Orders: 1 Gate Expand, Oracle Opening 

Get SALT Encoding   

  12  0:00  Probe  
  13  0:12  Probe  
  14  0:17  Pylon  
  14  0:24  Probe  
  15  0:35  Gateway  
  15  0:36  Probe (Chrono Boost)  
  16  0:46  Assimilator, Probe (Chrono Boost)  
  17  0:51  Probe (Chrono Boost)  
  18  1:03  Probe  
  19  1:15  Probe  
  20  1:23  Cybernetics Core  
  20  1:33  Nexus  
  20  1:40  Pylon  
  20  1:43  Probe  
  20  1:50  Assimilator  
  20  1:55  Probe (Chrono Boost)  
  20  1:57  Adept (Chrono Boost)  
  23  2:08  Probe (Chrono Boost)  
  24  2:17  Probe (Chrono Boost)  
  24  2:19  Adept  
  27  2:24  Stargate, Probe  
  28  2:32  Warp Gate  
  28  2:36  Probe  
  29  2:46  Probe (Chrono Boost)  
  29  2:49  Adept  
  33  2:53  Probe (Chrono Boost)  
  33  2:58  Probe (Chrono Boost)  
  34  3:03  Probe x2 (Chrono Boost)  
  36  3:07  Oracle (Chrono Boost)  
  36  3:12  Probe  
  40  3:13  Probe  
  41  3:20  Pylon  
  41  3:24  Probe  
  41  3:25  Probe  
  43  3:31  Gateway  
  43  3:34  Gateway  
  43  3:36  Probe  
  43  3:37  Probe  
  47  3:48  Probe  
  47  3:49  Probe  
  47  3:54  Pylon  
  49  4:00  Probe  
  49  4:01  Probe  
  51  4:07  Nexus  
  51  4:12  Probe  
  51  4:13  Probe  
  53  4:20  Assimilator  
  53  4:22  Assimilator  
  51  4:25  Probe x2  
  51  4:26  Sentry x2  
  51  4:28  Sentry  
  51  4:30  Shield Battery  
  59  4:34  Shield Battery  
  59  4:35  Pylon  
  59  4:37  Probe x2  
  61  4:40  Shield Battery  
  61  4:48  Twilight Council  
  61  4:49  Probe  
  62  4:52  Forge  
  62  4:53  Probe  
  62  4:54  Stalker  
  62  4:57  Stalker  
  67  5:01  Stalker  
  67  5:02  Probe  
  70  5:08  Pylon  
  70  5:18  Probe  
  70  5:19  Stalker  
  70  5:21  Stalker  
  75  5:22  Probe  
  75  5:27  Adept  
  75  5:28  Probe  
  79  5:30  Probe  
  79  5:34  Probe  
  81  5:40  Probe  
  82  5:43  Probe  
  82  5:46  Probe  
  82  5:49  Zealot x3  
  85  6:03  Pylon  
  85  6:12  Pylon  
  85  6:15  Pylon  
  85  6:21  Nexus  
  85  6:27  Probe  
  85  6:28  Probe  
  78  6:39  Probe, Gateway  
  77  6:40  Gateway, Probe  

Tags
 
Add a new tag
Caveats
  • Supply blocks, unpowered buildings, or Contaminate may cause inaccurate times.
  • Supply counts are checked every 10 seconds.